 Dungeon Crawl Stone Soup version 0.28.0-62-gf88900778d (webtiles) character file.

Game seed: 15331792463680073663

53140 cbfl8 the Severer (level 14, -11/124 HPs)
             Began as a Hill Orc Berserker on July 2, 2023.
             Was an Elder of Trog.
             Mangled by a two-headed ogre simulacrum (24 damage)
             ... on level 1 of the Lair of Beasts.
             The game lasted 00:30:37 (29150 turns).

cbfl8 the Severer (Hill Orc Berserker)             Turns: 29150, Time: 00:30:37

Health: -11/124    AC: 21    Str: 24    XL:     14   Next: 67%
Magic:  14/14      EV: 10    Int:  7    God:    Trog [****..]
Gold:   739        SH: 13    Dex: 14    Spells: 13/13 levels left

rFire   + + .      SeeInvis +   n - +1 broad axe (vorpal)
rCold   x . .      Faith    .   w - +2 buckler
rNeg    . . .      Spirit   .   c - +2 chain mail {rPois}
rPois   +          Reflect  +   l - +2 hat {SInv}
rElec   .          Harm     .   (no cloak)
rCorr   .          Rampage  .   H - +0 pair of gloves
Will    +....                   f - +2 pair of boots
Stlth   +.........              m - amulet of reflection
HPRegen 0.30/turn               k - ring of protection from fire
MPRegen 0.14/turn               G - ring "Oguenas" {Fire Str+3}

@: on berserk cooldown, slowed, very slow
A: no striking features
a: Renounce Religion, Berserk, Trog's Hand, Brothers in Arms


You were on level 1 of the Lair of Beasts.
You worshipped Trog.
Trog was greatly pleased with you.
You visited 2 branches of the dungeon, and saw 16 of its levels.
You also visited: Ossuary.

You collected 1000 gold pieces.
You spent 261 gold pieces at shops.

Inventory:

Hand Weapons
 n - a +1 vorpal broad axe (weapon)
 z - the +7 hand axe of Anxiety {vamp, rF+ Int+3 Dex+2}
   (You found it on level 7 of the Dungeon)

   It occasionally heals its wielder for a portion of the damage dealt when it
   wounds a living foe.
   Int:       It affects your intelligence (+3).
   Dex:       It affects your dexterity (+2).
   rF:        It protects you from fire.
Armour
 c - a +2 chain mail of poison resistance (worn)
 f - a +2 pair of boots (worn)
 l - a +2 hat of see invisible (worn)
 w - a +2 buckler (worn)
 H - a +0 pair of gloves (worn)
Jewellery
 k - a ring of protection from fire (left hand)
 m - an amulet of reflection (around neck)
 G - the ring "Oguenas" (right hand) {Fire Str+3}
   (You found it on level 14 of the Dungeon)

   [ring of fire]

   It enhances your fire magic.
   Str:       It affects your strength (+3).
   rF:        It protects you from fire.
   rC:        It makes you vulnerable to cold.
Wands
 a - a wand of iceblast (4)
 B - a wand of charming (3)
 C - a wand of acid (3) (quivered)
Scrolls
 d - 5 scrolls of teleportation
 h - 2 scrolls of magic mapping
 p - a scroll of fear
 q - 2 scrolls of enchant weapon
 r - a scroll of identify
 D - 2 scrolls of fog
 F - a scroll of enchant armour
Potions
 b - 5 potions of flight {unknown}
 e - 5 potions of curing
 g - 3 potions of haste
 i - 2 potions of heal wounds
 j - a potion of cancellation {unknown}
 o - 2 potions of ambrosia {unknown}
 s - a potion of might {unknown}
 v - 2 potions of berserk rage {unknown}
 x - 2 potions of invisibility {unknown}
 E - 2 potions of magic {unknown}


   Skills:
 + Level 11.4 Fighting
 + Level 15.5 Axes
 + Level 12.4 Armour
 - Level 4.4 Dodging
 * Level 10.1 Stealth
 + Level 7.6 Shields
 - Level 0.5 Unarmed Combat
 * Level 10.9 Evocations


You had 13 spell levels left.
You didn't know any spells.
Your spell library was empty.

Dungeon Overview and Level Annotations

Branches:
Dungeon (15/15)            Temple (0/1) D:4            Lair (1/6) D:8
    Orc (0/2) D:12         Vaults (0/5) D:13         Depths (0/4) D:15
Ossuary (visited)

Altars:
Gozag
Hepliaklqana
Kikubaaqudgha
Ru
Sif Muna
Uskayaw
Vehumet
Wu Jian
Yredelemnul
Beogh

Shops:
D:7 *   D:8 (   D:11 =([(   D:14 [*

Annotations:
Lair:1 exclusion: ice statue


Message History

You slice the ice dragon!!
You kill the ice dragon!
Trog accepts your kill.
You slash the yak!
Unknown command.
You slash the yak!
You kill the yak!
Trog accepts your kill.
You can now call in reinforcements.
An ice devil comes into view.
The ice devil barely misses you.
You slice the ice devil!!
The ice devil is heavily wounded.
You slash the ice devil!
You kill the ice devil!
Trog accepts your kill.
You slash the two-headed ogre simulacrum!
You are no longer berserk.
You are exhausted.
You feel yourself slow down.
The two-headed ogre simulacrum hits you but does no damage.
You block the two-headed ogre simulacrum's attack.
The ice devil hits you but does no damage.
You slash the ice devil!
The ice devil is moderately wounded.
You slash the two-headed ogre simulacrum!
You block the ice devil's attack.
The two-headed ogre simulacrum hits you but does no damage.
The two-headed ogre simulacrum hits you.
The two-headed ogre simulacrum freezes you!!
You feel a terrible chill!
* * * LOW HITPOINT WARNING * * *
As you read the scroll of fear, it crumbles to dust.
You assume a fearsome visage.
The two-headed ogre simulacrum is unaffected.
The ice devil looks frightened!
The two-headed ogre simulacrum hits you!
* * * LOW HITPOINT WARNING * * *
The two-headed ogre simulacrum freezes you!!
You feel a terrible chill!
You die...

#.......# #...
#.......# .....
#.......# .....
##.......# .....
####........# ##.
.... #...........#
.... ##......P(...#
.....
#P..†.(.P..†##......
......##..(...@..4..#
...... #..)....Z....#
..... ##(....#......#
.... #...###.....##
.### .........#.###
...##.>...### ..#
......# ... ......
.... ......


You could see an ice devil (fleeing) and a two-headed ogre simulacrum.

Vanquished Creatures
  An orc warlord (D:15)
  Azrael (D:14)
  An ettin (D:15)
  5 vault guards (D:13)
  2 ogre magi (D:15)
  2 hydras
  5 centaur warriors
  An ice dragon (Lair:1)
  2 boulder beetles
  8 two-headed ogres
  A death yak (Lair:1)
  2 tengu warriors
  An orc high priest (D:15)
  A deep elf knight (D:13)
  4 skeletal warriors
  2 deep trolls (D:15)
  A necromancer (D:15)
  A wizard (D:15)
  3 orc sorcerers
  11 ugly things
  2 orc knights (D:15)
  A manticore (D:12)
  2 cyclopes
  2 unseen horrors
  3 gargoyles
  3 kobold demonologists (D:14)
  Psyche (D:12)
  An anaconda simulacrum (Lair:1)
  A tengu conjurer (D:13)
  2 freezing wraiths
  An ice devil (Lair:1)
  7 trolls
  A troll (shapeshifter) (D:14)
  An efreet (D:14)
  3 meliai (D:13)
  A hornet (D:8)
  5 slime creatures (D:11)
  A centaur simulacrum (D:15)
  A water elemental (D:14)
  4 fire elementals (D:14)
  A human (D:13)
  6 basilisks
  2 steam dragons
  16 yaks
  7 vampire mosquitoes
  A water moccasin (Lair:1)
  3 hell hounds (D:14)
  11 orc warriors
  A sky beast (D:6)
  A black bear (D:5)
  A hornet zombie (D:8)
  A swamp drake (D:12)
  A necrophage (D:4)
  3 centaurs
  3 wolves (D:8)
  8 ogres
  2 phantoms (D:6)
  3 kobold brigands
  3 bullfrogs
  2 wyvern zombies
  4 scorpions
  A water moccasin zombie (D:6)
  A wyvern skeleton (D:6)
  6 killer bees
  8 wights
  7 electric eels
  5 howler monkeys
  4 centaur zombies
  2 centaur skeletons (D:7)
  5 hounds
  4 jellies
  A bullfrog skeleton (D:6)
  A human zombie (Ossuary)
  12 orc priests
  4 iguanas
  10 orc wizards
  A troll simulacrum (Lair:1)
  A polar bear simulacrum (Lair:1)
  A wolf simulacrum (Lair:1)
  A hound skeleton (D:4)
  2 howler monkey zombies (D:7)
  4 mummies
  6 adders
  5 shadow imps
  A white imp (D:7)
  An ufetubus (D:6)
  An adder skeleton (D:2)
  3 adder zombies (Ossuary)
  5 worms
  A dart slug (D:5)
  59 orcs
  4 bats
  4 endoplasms
  3 giant cockroaches
  8 goblins
  10 hobgoblins
  12 jackals
  4 quokkas
  8 ball pythons
  6 frilled lizards
  A gnoll zombie (Ossuary)
  3 goblin zombies
  10 kobolds
  7 kobold zombies
  An orc zombie (Ossuary)
  3 quokka zombies (Ossuary)
  10 rats
  A rat zombie (Ossuary)
  A spectral orc (D:4)
437 creatures vanquished.

Vanquished Creatures (collateral kills)
  Harold (Lair:1)
  A skeletal warrior (D:14)
  An orc knight (D:14)
  A shadow (D:13)
  A yak (Lair:1)
  A bullfrog (Lair:1)
6 creatures vanquished.

Vanquished Creatures (others)
  A human (D:4)
  An orc (D:15)
  A bush (D:5)
  5 plants
8 creatures vanquished.

Grand Total: 451 creatures vanquished

Notes
Turn   | Place    | Note
-------+----------+-------------------------------------------
     0 | D:1      | cbfl8 the Hill Orc Berserker began the quest for the Orb.
     0 | D:1      | Reached XP level 1. HP: 19/19 MP: 1/1
   208 | D:1      | Reached XP level 2. HP: 24/27 MP: 2/2
  1036 | D:2      | Reached XP level 3. HP: 33/33 MP: 3/3
  1061 | D:2      | Reached skill level 1 in Stealth
  1410 | D:2      | Found a radiant altar of Vehumet.
  1471 | D:2      | Reached skill level 1 in Evocations
  1555 | D:2      | Reached ** piety under Trog
  1696 | D:2      | Reached skill level 5 in Axes
  1696 | D:2      | Reached XP level 4. HP: 11/40 MP: 4/4
  2298 | D:3      | Found an ornate altar of the Wu Jian Council.
  2626 | D:3      | Found a faded altar of an unknown god.
  3585 | D:3      | Reached XP level 5. HP: 35/46 MP: 5/5
  3972 | D:4      | Reached XP level 6. HP: 52/52 MP: 6/6
  3974 | D:4      | Found an ancient bone altar of Kikubaaqudgha.
  3974 | D:4      | Noticed a human
  3977 | D:4      | Killed a human
  4067 | D:4      | Reached skill level 6 in Axes
  4286 | D:4      | Found a staircase to the Ecumenical Temple.
  4296 | D:4      | Noticed a necrophage
  4375 | D:4      | Killed a necrophage
  4378 | D:4      | Reached XP level 7. HP: 60/60 MP: 7/7
  4427 | D:4      | Found a basalt altar of Yredelemnul.
  4679 | D:5      | Entered Level 5 of the Dungeon
  5046 | D:5      | Reached skill level 7 in Axes
  5735 | D:5      | Reached XP level 8. HP: 63/67 MP: 8/8
  5778 | D:5      | Reached skill level 5 in Fighting
  5956 | D:5      | Found a hide-covered altar of Uskayaw.
  7065 | D:6      | Reached skill level 8 in Axes
  7278 | D:6      | Reached skill level 5 in Armour
  8314 | D:6      | Noticed a yak
  8315 | D:6      | Noticed a yak
  8316 | D:6      | Noticed a yak
  8318 | D:6      | Noticed a yak
  8318 | D:6      | Noticed a yak
  8325 | D:6      | Killed a yak
  8326 | D:6      | Reached XP level 9. HP: 74/74 MP: 9/9
  8337 | D:6      | Reached skill level 9 in Axes
  8379 | D:5      | HP: 3/75 [yak (9)]
  8965 | D:6      | Reached skill level 5 in Evocations
  9213 | D:6      | Found a sacrificial altar of Ru.
  9758 | D:7      | Found a sand-covered staircase.
  9765 | Ossuary  | Entered an ossuary
  9980 | Ossuary  | Reached *** piety under Trog
 10185 | D:7      | Found Astol's Assorted Antiques.
 10190 | D:7      | Bought 2 golden potions for 48 gold pieces
 10190 | D:7      | Bought a scroll labelled PAPRA TOUXU for 27 gold pieces
 10190 | D:7      | Bought a brown potion for 24 gold pieces
 10190 | D:7      | Bought 2 potions of curing for 162 gold pieces
 10242 | D:7      | Reached skill level 10 in Axes
 10625 | D:7      | Noticed a troll
 10640 | D:7      | Killed a troll
 11147 | D:7      | Reached XP level 10. HP: 69/83 MP: 10/10
 11325 | D:7      | Found a shimmering blue altar of Sif Muna.
 11440 | D:7      | Reached skill level 5 in Stealth
 11450 | D:7      | Reached skill level 1 in Shields
 11452 | D:7      | Identified the +7 hand axe of Anxiety {vamp, rF+ Int+3
                  | Dex+2}
 12058 | D:8      | Found a staircase to the Lair.
 12556 | D:8      | Reached skill level 11 in Axes
 13205 | D:8      | Noticed a two-headed ogre
 13213 | D:8      | Killed a two-headed ogre
 13325 | D:8      | Paralysed by a hornet for 1 turns
 13329 | D:8      | Paralysed by a hornet for 2 turns
 13896 | D:8      | Found Vijoh's Antique Weapon Emporium.
 15100 | D:9      | Found a hazy altar of Hepliaklqana.
 15305 | D:10     | Entered Level 10 of the Dungeon
 15313 | D:10     | Reached XP level 11. HP: 90/91 MP: 11/11
 16065 | D:10     | Noticed a centaur warrior
 16077 | D:10     | Killed a centaur warrior
 16078 | D:10     | Reached skill level 12 in Axes
 16311 | D:11     | Noticed a two-headed ogre
 16321 | D:11     | Killed a two-headed ogre
 16389 | D:11     | Noticed a cyclops
 16396 | D:11     | Killed a cyclops
 16756 | D:11     | Noticed a two-headed ogre
 16764 | D:11     | Killed a two-headed ogre
 16765 | D:11     | Reached skill level 13 in Axes
 17219 | D:11     | Found Tahiupno's Antique Weapon Shop.
 17220 | D:11     | Found Ofead's Weapon Emporium.
 17220 | D:11     | Found Etaozuerph's Antique Armour Shoppe.
 17220 | D:11     | Found Cekox's Jewellery Emporium.
 17723 | D:12     | Found a staircase to the Orcish Mines.
 17750 | D:12     | Reached **** piety under Trog
 17962 | D:12     | Noticed Psyche
 17971 | D:12     | Killed Psyche
 17972 | D:12     | Reached XP level 12. HP: 101/101 MP: 12/12
 18493 | D:12     | Noticed an eight-headed hydra
 18507 | D:12     | Killed a 15-headed hydra
 19336 | D:13     | Noticed a tengu warrior
 19358 | D:13     | Killed a tengu warrior
 19906 | D:13     | Reached skill level 10 in Armour
 20016 | D:13     | Identified the +10 hand axe of Perversion {drain, Int+4}
 20072 | D:13     | Noticed a boulder beetle
 20087 | D:13     | Noticed a centaur warrior
 20408 | D:13     | Killed a centaur warrior
 20409 | D:13     | Reached skill level 14 in Axes
 20655 | D:13     | Killed a boulder beetle
 20863 | D:13     | Noticed a vault guard
 20912 | D:13     | Noticed a vault guard
 21688 | D:13     | Noticed a deep elf knight
 21688 | D:13     | Noticed a vault guard
 22127 | D:13     | Killed a deep elf knight
 22205 | D:13     | Killed a vault guard
 22261 | D:13     | Killed a vault guard
 22689 | D:13     | Killed a vault guard
 22690 | D:13     | Reached XP level 13. HP: 111/111 MP: 13/13
 22787 | D:13     | Found a gate to the Vaults.
 22787 | D:13     | Noticed a vault guard
 22787 | D:13     | Noticed a vault guard
 22798 | D:13     | Killed a vault guard
 22807 | D:13     | Killed a vault guard
 23375 | D:14     | Found Xoodowo's Antique Armour Emporium.
 23641 | D:14     | You fall into a shaft and drop 1 floor!
 23641 | D:15     | Entered Level 15 of the Dungeon
 23641 | D:15     | Noticed an orc warlord
 23644 | D:15     | Found a roughly hewn altar of Beogh.
 23795 | D:14     | Noticed Azrael
 23805 | D:14     | Killed Azrael
 23806 | D:14     | Reached skill level 5 in Shields
 24228 | D:14     | Identified the ring "Oguenas" {Fire Str+3}
 24321 | D:14     | Found Zogun's Island Escapes.
 24738 | D:15     | Found an opulent altar of Gozag.
 24953 | D:15     | Reached skill level 10 in Fighting
 25213 | D:15     | Reached skill level 10 in Evocations
 25752 | D:15     | Noticed an ettin
 25790 | D:15     | Killed an ettin
 25973 | D:15     | Found a staircase to the Depths.
 26048 | D:15     | Reached XP level 14. HP: 81/122 MP: 14/14
 26239 | D:15     | Reached skill level 15 in Axes
 26617 | D:15     | Found a runed translucent door.
 27004 | D:15     | Identified the +5 short sword "Ilyanec" {vorpal, Int+3}
 27128 | D:15     | Killed an orc warlord
 28389 | D:15     | Reached skill level 10 in Stealth
 28949 | Lair:1   | Entered Level 1 of the Lair of Beasts
 29093 | Lair:1   | Noticed Harold
 29106 | Lair:1   | Killed Harold
 29150 | Lair:1   | Mangled by a two-headed ogre simulacrum

Illustrated notes

Levels and vault maps discovered:
D:1:      dpeg_arrival_castle, layout_loops_ring
D:2:      layout_basic, basic_altar, minmay_misc_feat_chi, minmay_pentomino_q4
D:3:      layout_loops_ring, nicolae_wu_jian_immortal_techniques,
          shapermc_ecumenical_altar_mp_vishouse,
          minmay_fractal_squares_gapless_5
D:4:      layout_rooms, yredelemnul_forgotten_temple_becter, tgw_kikubaaqudgha,
          minmay_temple_entry_glassed_door
D:5:      layout_layer_cave, mainiacjoe_overflow_six_doors_small,
          kb_lookout_dungeons_type
D:6:      layout_loops_ring, overflow_temple_1_default, lexackson_kobold_supper
D:7:      layout_loops_corners, led_sif_pool, serial_shops, shop_statue,
          nicolae_ossuary_entry_giza
D:8:      layout_basic, erik_lair_island, serial_shops, kennysheep_mini_moat,
          minmay_fountain_box
D:9:      layout_roguey, nzn_hepliaklqana_mist_gate
D:10:     layout_cave_pods
D:11:     layout_loops_ring, nicolae_wooded_promenade,
          hangedman_abyss_or_decor_stabs
D:12:     layout_basic, erik_orc_1, uniq_psyche
D:13:     layout_rooms, grunt_vaults_entry_fortified
D:14:     layout_loops_ring, minivault_4, serial_shops, shop,
          nicolae_island_escapes, uniq_azrael
D:15:     hangedman_depths_entry_civil_slaughter, layout_stronghold,
          grunt_gozag_statues, lightli_church_of_beogh
Lair:1:   dreamdust_isle_of_ice, layout_cellular_growth, lemuel_fruit_tree,
          grunt_megastairs_5, uniq_harold, uniq_maggie

Skill      XL: |  1  2  3  4  5  6  7  8  9 10 11 12 13 14 |
---------------+-------------------------------------------+-----
Stealth        | 1 2 3 4 6 7 8 9 10 | 10.1
Fighting       | 4 5 6 8 9 10 11 | 11.4
Evocations     | 1 2 3 4 5 6 7 9 10 | 10.9
Axes           | 5 6 7 8 10 11 13 14 15 | 15.5
Dodging        | 2 3 4 |  4.4
Armour         | 3 4 5 7 8 9 10 11 12 | 12.4
Shields        | 2 3 4 6 7 |  7.6
Unarmed Combat | |  0.5

Action                   |  1- 3 |  4- 6 |  7- 9 | 10-12 | 13-15 || total
-------------------------+-------+-------+-------+-------+-------++-------
Melee: Hand axe          |   111 |   227 |   604 |   700 |   576 ||  2218
       Punch             |     1 |     4 |    11 |    11 |       ||    27
       Unarmed           |       |       |       |     3 |       ||     3
       Broad axe         |       |       |       |       |    66 ||    66
Invok: Berserk           |       |     1 |     8 |    18 |    16 ||    43
       Trog's Hand       |       |       |     3 |     4 |     1 ||     8
       Brothers in Arms  |       |       |       |     1 |     2 ||     3
Evoke: Wand              |       |       |       |    20 |     8 ||    28
  Use: Scroll            |     4 |     2 |     6 |    12 |     7 ||    31
       Potion            |     2 |       |       |     3 |    11 ||    16
 Stab: Sleeping          |     3 |       |       |       |     1 ||     4
       Paralysed         |       |       |       |    11 |     4 ||    15
       Distracted        |       |       |       |     1 |       ||     1
Armor: Animal skin       |    17 |       |       |       |       ||    17
       Ring mail         |    13 |    62 |       |       |       ||    75
       Scale mail        |       |    51 |   185 |       |       ||   236
       Chain mail        |       |       |    87 |   326 |   208 ||   621
Dodge: Dodged            |    73 |   127 |   222 |   262 |   178 ||   862
Block: Other             |       |       |    38 |   105 |       ||   143
       Reflection        |       |       |       |    17 |    12 ||    29
       Buckler           |       |       |       |    64 |   311 ||   375
